[ AOE2 MATCH · #508050717 ]
UnrankedMongols vs Mongols
Player's team · LOSS
Rival team · WIN
[ REPLAY ANALYSIS · EXTRACTED FROM THE RECORDED GAME ]
Feudal
8:00
Castle
—
Imperial
—
| APM avg | 73.8 |
| APM peak | 164 |
| eAPM avg | 25.5 |
| Villagers / military | 49 / 25 |
Focus
⚔️ 47.3% · 🌾 52.7%
Archer ×19 · Skirmisher ×3 · Scout Cavalry ×3
Feudal
8:50
Castle
24:02
Imperial
—
| APM avg | 57.3 |
| APM peak | 79 |
| eAPM avg | 22.3 |
| Villagers / military | 48 / 36 |
Focus
⚔️ 36.4% · 🌾 63.6%
Archer ×17 · Skirmisher ×15 · Militia ×3 · Spearman ×1
Match map
Initial resources + every placement click. Lines = walls · curves = elevation contours. ◆ gold · ⬟ stone · ● berries · ✦ relic · ◌ wall gap
Your base· Open — opponent sealed themselves in
MrGrumpyFace's base· ✓ Closed at 24:02 · 62t walls · no gate
Smoothed initial terrain · ◌ = detected wall gap · hover for details
Inputs per minute
— Guthrie_Govan - - MrGrumpyFace
Build order — Guthrie_Govan
149 actions detected in the replay
| 0:00 | Queue | Villager (Male) |
| 0:00 | Queue | Villager (Male) |
| 0:01 | Queue | Villager (Male) |
| 0:02 | Build | House |
| 0:03 | Build | House |
| 0:08 | Queue | Villager (Male) |
| 0:08 | Queue | Villager (Male) |
| 1:36 | Queue | Villager (Male) |
| 2:02 | Queue | Villager (Male) |
| 2:14 | Build | Lumber Camp |
| 2:16 | Queue | Villager (Male) |
| 2:29 | Queue | Villager (Male) |
| 2:47 | Queue | Villager (Male) |
| 2:50 | Queue | Villager (Male) |
| 3:22 | Queue | Villager (Male) |
| 3:49 | Build | House |
| 4:02 | Queue | Villager (Male) |
| 4:06 | Queue | Villager (Male) |
| 4:10 | Queue | Villager (Male) |
| 4:15 | Queue | Villager (Male) |
| 4:45 | Build | Mining Camp |
| 5:48 | Research | Feudal Age |
| 5:48 | Research | Feudal Age |
| 6:42 | Build | Palisade Wall |
| 6:43 | Build | Palisade Wall |
| 6:44 | Build | Palisade Wall |
| 7:09 | Build | Barracks |
| 7:22 | Build | House |
| 7:54 | Build | Palisade Wall |
| 7:56 | Build | Palisade Wall |
| 7:58 | Build | Palisade Wall |
| 8:00 | Age | Feudal Age |
| 8:03 | Build | Archery Range |
| 8:31 | Queue | Villager (Male) |
| 8:33 | Research | Loom |
| 8:34 | Research | Loom |
| 8:44 | Build | Watch Tower |
| 8:46 | Queue | Archer |
| 8:49 | Build | House |
| 8:50 | Build | Palisade Wall |
| 8:51 | Queue | Villager (Male) |
| 8:53 | Queue | Archer |
| 8:59 | Queue | Villager (Male) |
| 9:20 | Queue | Villager (Male) |
| 9:22 | Build | Palisade Wall |
| 9:23 | Build | Palisade Wall |
| 9:23 | Build | Palisade Wall |
| 9:33 | Queue | Archer |
| 9:36 | Build | House |
| 10:00 | Build | Mill |
| 10:04 | Queue | Archer |
| 10:10 | Queue | Villager (Male) |
| 10:43 | Build | Palisade Wall |
| 10:47 | Queue | Villager (Male) |
| 10:51 | Build | Blacksmith |
| 11:04 | Build | Watch Tower |
| 11:20 | Queue | Archer |
| 11:20 | Queue | Villager (Male) |
| 11:26 | Build | Palisade Wall |
| 11:27 | Build | Palisade Wall |
| 11:35 | Build | Farm |
| 11:36 | Build | Farm |
| 11:39 | Queue | Archer |
| 11:45 | Research | Fletching |
| 12:01 | Build | Farm |
| 12:19 | Queue | Villager (Male) |
| 12:23 | Build | Mining Camp |
| 12:26 | Queue | Archer |
| 12:32 | Build | Farm |
| 12:33 | Build | Farm |
| 12:47 | Build | Palisade Wall |
| 12:52 | Queue | Villager (Male) |
| 12:53 | Queue | Archer |
| 12:53 | Queue | Archer |
| 13:10 | Build | Palisade Wall |
| 13:10 | Build | Palisade Wall |
| 13:11 | Build | Palisade Wall |
| 13:17 | Queue | Archer |
| 13:20 | Build | Palisade Wall |
| 13:22 | Build | Palisade Wall |
| 13:23 | Build | Palisade Wall |
| 13:25 | Build | Palisade Wall |
| 13:46 | Build | Farm |
| 13:46 | Queue | Villager (Male) |
| 13:55 | Build | House |
| 14:00 | Queue | Villager (Male) |
| 14:15 | Queue | Villager (Male) |
| 14:21 | Build | House |
| 14:44 | Queue | Villager (Male) |
| 14:55 | Queue | Villager (Male) |
| 15:06 | Build | Stable |
| 15:14 | Queue | Villager (Male) |
| 15:17 | Queue | Archer |
| 15:21 | Build | Farm |
| 15:22 | Build | Farm |
| 15:28 | Queue | Archer |
| 15:29 | Queue | Archer |
| 15:30 | Queue | Villager (Male) |
| 15:36 | Build | Palisade Wall |
| 15:57 | Build | Watch Tower |
| 15:58 | Queue | Scout Cavalry |
| 16:19 | Queue | Villager (Male) |
| 16:21 | Build | Farm |
| 17:30 | Queue | Scout Cavalry |
| 17:31 | Queue | Archer |
| 17:31 | Queue | Archer |
| 17:34 | Queue | Villager (Male) |
| 17:37 | Build | House |
| 17:37 | Queue | Villager (Male) |
| 17:49 | Queue | Villager (Male) |
| 18:04 | Build | Farm |
| 18:04 | Queue | Villager (Male) |
| 18:12 | Queue | Villager (Male) |
| 18:32 | Queue | Villager (Male) |
| 18:51 | Queue | Scout Cavalry |
| 19:17 | Queue | Archer |
| 19:18 | Queue | Villager (Male) |
| 19:22 | Build | Farm |
| 19:35 | Queue | Villager (Male) |
| 19:40 | Queue | Archer |
| 19:41 | Queue | Villager (Male) |
| 19:43 | Build | Lumber Camp |
| 19:50 | Build | Watch Tower |
| 20:18 | Queue | Villager (Male) |
| 20:25 | Queue | Skirmisher |
| 20:43 | Build | House |
| 20:44 | Build | House |
| 20:45 | Build | House |
| 20:47 | Build | House |
| 20:48 | Build | House |
| 20:48 | Build | House |
| 21:26 | Queue | Archer |
| 21:28 | Queue | Skirmisher |
| 21:28 | Queue | Skirmisher |
| 21:42 | Queue | Villager (Male) |
| 21:50 | Build | Farm |
| 21:50 | Build | Farm |
| 21:51 | Queue | Villager (Male) |
| 22:02 | Build | Watch Tower |
| 22:35 | Queue | Villager (Male) |
| 22:47 | Queue | Villager (Male) |
| 23:13 | Queue | Villager (Male) |
| 23:20 | Queue | Villager (Male) |
| 23:22 | Build | Watch Tower |
| 24:38 | Research | Castle Age |
| 24:38 | Research | Castle Age |
| 25:07 | Build | Farm |
| 25:15 | Build | Watch Tower |
| 25:24 | Queue | Archer |
Build order — MrGrumpyFace
First 150 of 168 actions detected
| 0:00 | Queue | Villager (Male) |
| 0:00 | Queue | Villager (Male) |
| 0:02 | Build | House |
| 0:02 | Build | House |
| 0:07 | Queue | Villager (Male) |
| 0:14 | Queue | Villager (Male) |
| 1:25 | Queue | Villager (Male) |
| 1:57 | Queue | Villager (Male) |
| 1:59 | Build | Lumber Camp |
| 2:13 | Queue | Villager (Male) |
| 2:38 | Queue | Villager (Male) |
| 3:08 | Queue | Villager (Male) |
| 3:28 | Queue | Villager (Male) |
| 3:46 | Queue | Villager (Male) |
| 3:55 | Build | House |
| 4:03 | Queue | Villager (Male) |
| 4:28 | Queue | Villager (Male) |
| 5:10 | Build | Barracks |
| 5:16 | Build | House |
| 5:21 | Queue | Villager (Male) |
| 5:27 | Build | Palisade Wall |
| 5:33 | Queue | Villager (Male) |
| 5:44 | Queue | Villager (Male) |
| 6:03 | Build | Palisade Wall |
| 6:07 | Research | Loom |
| 6:18 | Build | Palisade Wall |
| 6:37 | Research | Feudal Age |
| 7:03 | Queue | Militia |
| 7:13 | Build | Palisade Wall |
| 7:14 | Build | Palisade Wall |
| 7:21 | Queue | Militia |
| 7:29 | Build | Mining Camp |
| 7:35 | Build | House |
| 7:51 | Build | Palisade Wall |
| 7:52 | Build | Palisade Wall |
| 7:54 | Build | Palisade Wall |
| 7:55 | Build | Palisade Wall |
| 7:56 | Build | Palisade Wall |
| 7:56 | Build | Palisade Wall |
| 7:57 | Build | Palisade Wall |
| 8:33 | Queue | Militia |
| 8:44 | Queue | Villager (Male) |
| 8:46 | Build | Palisade Wall |
| 8:49 | Build | Palisade Wall |
| 8:50 | Build | Palisade Wall |
| 8:50 | Age | Feudal Age |
| 8:55 | Queue | Villager (Male) |
| 9:08 | Research | Man-at-Arms (upgrade) |
| 9:17 | Build | Archery Range |
| 9:26 | Queue | Villager (Male) |
| 9:34 | Build | Palisade Wall |
| 9:45 | Build | Mill |
| 9:50 | Build | Mill |
| 9:58 | Build | House |
| 10:02 | Queue | Skirmisher |
| 10:02 | Queue | Villager (Male) |
| 10:12 | Build | Outpost |
| 10:23 | Queue | Villager (Male) |
| 10:25 | Build | Farm |
| 10:26 | Build | Farm |
| 10:35 | Build | House |
| 10:41 | Build | Palisade Wall |
| 10:52 | Build | Farm |
| 11:01 | Queue | Villager (Male) |
| 11:09 | Build | Farm |
| 11:14 | Build | Farm |
| 11:28 | Build | Farm |
| 11:36 | Queue | Villager (Male) |
| 11:58 | Build | Farm |
| 12:06 | Queue | Villager (Male) |
| 12:08 | Build | House |
| 12:10 | Build | Palisade Wall |
| 12:17 | Queue | Skirmisher |
| 12:23 | Queue | Skirmisher |
| 12:30 | Queue | Skirmisher |
| 12:33 | Build | Palisade Wall |
| 12:41 | Queue | Villager (Male) |
| 12:46 | Build | Farm |
| 13:06 | Queue | Villager (Male) |
| 13:07 | Queue | Skirmisher |
| 13:13 | Build | Watch Tower |
| 13:23 | Queue | Villager (Male) |
| 13:35 | Queue | Villager (Male) |
| 13:44 | Queue | Villager (Male) |
| 13:45 | Queue | Skirmisher |
| 14:06 | Queue | Villager (Male) |
| 14:11 | Queue | Villager (Male) |
| 14:30 | Queue | Villager (Male) |
| 14:48 | Queue | Villager (Male) |
| 14:52 | Build | Lumber Camp |
| 15:04 | Queue | Villager (Male) |
| 15:07 | Queue | Skirmisher |
| 16:08 | Build | Blacksmith |
| 16:19 | Queue | Skirmisher |
| 16:29 | Build | House |
| 16:30 | Build | Palisade Wall |
| 16:39 | Queue | Villager (Male) |
| 17:10 | Queue | Archer |
| 17:33 | Queue | Villager (Male) |
| 17:35 | Build | Farm |
| 17:37 | Build | Archery Range |
| 17:44 | Research | Fletching |
| 17:45 | Queue | Villager (Male) |
| 17:52 | Queue | Archer |
| 17:55 | Build | House |
| 17:56 | Build | Palisade Wall |
| 17:58 | Queue | Archer |
| 18:08 | Queue | Skirmisher |
| 18:12 | Queue | Villager (Male) |
| 18:21 | Queue | Archer |
| 18:22 | Queue | Spearman |
| 18:43 | Build | Farm |
| 18:44 | Build | Farm |
| 18:45 | Queue | Villager (Male) |
| 18:51 | Build | Farm |
| 18:56 | Build | Farm |
| 18:57 | Build | Farm |
| 19:03 | Queue | Villager (Male) |
| 19:16 | Queue | Archer |
| 19:20 | Queue | Villager (Male) |
| 19:26 | Research | Town Watch |
| 19:28 | Build | Palisade Wall |
| 19:31 | Queue | Skirmisher |
| 19:41 | Queue | Villager (Male) |
| 19:45 | Build | House |
| 19:56 | Queue | Villager (Male) |
| 20:21 | Build | Farm |
| 20:26 | Queue | Archer |
| 20:36 | Build | House |
| 20:40 | Build | Palisade Wall |
| 20:48 | Build | Farm |
| 20:55 | Queue | Archer |
| 21:14 | Queue | Skirmisher |
| 21:14 | Queue | Skirmisher |
| 21:22 | Research | Castle Age |
| 21:32 | Queue | Skirmisher |
| 21:47 | Queue | Skirmisher |
| 21:50 | Build | Farm |
| 21:57 | Queue | Skirmisher |
| 22:17 | Build | Farm |
| 22:26 | Research | Padded Archer Armor |
| 22:26 | Research | Padded Archer Armor |
| 22:52 | Queue | Archer |
| 22:52 | Queue | Archer |
| 23:00 | Research | Horse Collar |
| 23:04 | Queue | Archer |
| 23:16 | Queue | Archer |
| 23:32 | Queue | Villager (Male) |
| 23:42 | Queue | Archer |
| 24:02 | Age | Castle Age |
Match timeline
| 5:10 | MrGrumpyFace · first_building Barracks |
| 5:27 | MrGrumpyFace · wall_segment Palisade Wall x4 |
| 6:03 | MrGrumpyFace · wall_segment Palisade Wall x4 |
| 6:18 | MrGrumpyFace · wall_segment Palisade Wall x7 |
| 6:42 | Guthrie_Govan · wall_segment Palisade Wall x1 |
| 6:43 | Guthrie_Govan · wall_segment Palisade Wall x1 |
| 6:44 | Guthrie_Govan · wall_segment Palisade Wall x1 |
| 7:09 | Guthrie_Govan · first_building Barracks |
| 7:13 | MrGrumpyFace · wall_segment Palisade Wall x1 |
| 7:14 | MrGrumpyFace · wall_segment Palisade Wall x1 |
| 7:51 | MrGrumpyFace · wall_segment Palisade Wall x1 |
| 7:52 | MrGrumpyFace · wall_segment Palisade Wall x1 |
| 7:54 | MrGrumpyFace · wall_segment Palisade Wall x1 |
| 7:54 | Guthrie_Govan · wall_segment Palisade Wall x1 |
| 7:55 | MrGrumpyFace · wall_segment Palisade Wall x1 |
| 7:56 | MrGrumpyFace · wall_segment Palisade Wall x1 |
| 7:56 | MrGrumpyFace · wall_segment Palisade Wall x1 |
| 7:56 | Guthrie_Govan · wall_segment Palisade Wall x1 |
| 7:57 | MrGrumpyFace · wall_segment Palisade Wall x1 |
| 7:58 | Guthrie_Govan · wall_segment Palisade Wall x1 |
| 8:00 | Guthrie_Govan · age_up feudal |
| 8:03 | Guthrie_Govan · first_building Archery Range |
| 8:46 | MrGrumpyFace · wall_segment Palisade Wall x1 |
| 8:49 | MrGrumpyFace · wall_segment Palisade Wall x1 |
| 8:50 | MrGrumpyFace · wall_segment Palisade Wall x1 |
| 8:50 | Guthrie_Govan · wall_segment Palisade Wall x1 |
| 8:50 | MrGrumpyFace · age_up feudal |
| 9:17 | MrGrumpyFace · first_building Archery Range |
| 9:22 | Guthrie_Govan · wall_segment Palisade Wall x1 |
| 9:23 | Guthrie_Govan · wall_segment Palisade Wall x1 |
| 9:23 | Guthrie_Govan · wall_segment Palisade Wall x1 |
| 9:34 | MrGrumpyFace · wall_segment Palisade Wall x1 |
| 10:41 | MrGrumpyFace · wall_segment Palisade Wall x21 |
| 10:43 | Guthrie_Govan · wall_segment Palisade Wall x1 |
| 11:26 | Guthrie_Govan · wall_segment Palisade Wall x1 |
| 11:27 | Guthrie_Govan · wall_segment Palisade Wall x1 |
| 12:10 | MrGrumpyFace · wall_segment Palisade Wall x7 |
| 12:33 | MrGrumpyFace · wall_segment Palisade Wall x1 |
| 12:47 | Guthrie_Govan · wall_segment Palisade Wall x1 |
| 13:10 | Guthrie_Govan · wall_segment Palisade Wall x1 |
| 13:10 | Guthrie_Govan · wall_segment Palisade Wall x1 |
| 13:11 | Guthrie_Govan · wall_segment Palisade Wall x1 |
| 13:20 | Guthrie_Govan · wall_segment Palisade Wall x1 |
| 13:22 | Guthrie_Govan · wall_segment Palisade Wall x1 |
| 13:23 | Guthrie_Govan · wall_segment Palisade Wall x1 |
| 13:25 | Guthrie_Govan · wall_segment Palisade Wall x1 |
| 15:06 | Guthrie_Govan · first_building Stable |
| 15:36 | Guthrie_Govan · wall_segment Palisade Wall x9 |
| 16:30 | MrGrumpyFace · wall_segment Palisade Wall x1 |
| 17:56 | MrGrumpyFace · wall_segment Palisade Wall x4 |
| 19:28 | MrGrumpyFace · wall_segment Palisade Wall x1 |
| 20:40 | MrGrumpyFace · wall_segment Palisade Wall x1 |
| 24:02 | MrGrumpyFace · age_up castle |
| 25:31 | Guthrie_Govan · resign |
[ AI ANALYSIS · 1 CREDIT ]
What really happened in this match?
Wolo.gg analyzes every decision: build order, eco, micro, common mistakes by bracket. Personalized analysis on WhatsApp or Discord in 30 seconds.
Civ guide
Mongols
Perfil
Jugador #4224302